 Dungeon Crawl Stone Soup version 0.20.1-1-g8b1a95d (webtiles) character file.

114 Inchmeat the Chiller (level 4, 0/30 HPs)
             Began as a Merfolk Ice Elementalist on Nov 3, 2017.
             Slain by an orc wizard
             ... wielding a cursed -3 dagger
              (1 damage)
             ... on level 4 of the Dungeon.
             The game lasted 00:06:40 (3370 turns).

Inchmeat the Chiller (Merfolk Ice Elementalist)     Turns: 3370, Time: 00:06:41

Health: 0/30       AC:  5    Str:  8    XL:     4   Next: 98%
Magic:  3/7        EV: 12    Int: 15    God:
Gold:   148        SH:  0    Dex: 14    Spells: 1/7 levels left

rFire    + . .     SeeInvis .   j - +1 spear
rCold    . . .     Gourm    .   (no shield)
rNeg     . . .     Faith    .   e - +0 leather armour
rPois    .         Spirit   .   (helmet restricted)
rElec    .         Reflect  .   (no cloak)
rCorr    .         Harm     .   d - +2 pair of gloves
MR       .....                  h - +0 pair of boots
Stlth    ++........             (no amulet)
Regen    0.1/turn               q - ring of protection from fire
MPRegen  0.1/turn               s - ring of flight

@: very slightly contaminated, invisible
A: change form in water, swift swim, stealthy swim, antennae 1, blurry vision 1,
deformed body
a: Evoke Flight


You were on level 4 of the Dungeon.
You were not hungry.

You visited 1 branch of the dungeon, and saw 4 of its levels.

You collected 148 gold pieces.

Inventory:

Hand Weapons
 j - a +1 spear (weapon)
Armour
 d - a +2 pair of gloves (worn)
 e - a +0 leather armour (worn)
 h - a +0 pair of boots (worn)
Jewellery
 g - an uncursed ring of fire {unknown}
 o - an uncursed ring of positive energy {unknown}
 q - a ring of protection from fire (left hand)
 s - a ring of flight (right hand)
Wands
 u - a wand of paralysis (9/24)
Potions
 k - 2 potions of brilliance
 r - 2 potions of magic
 t - a potion of mutation
Books
 b - a book of Frost

   Spells                             Type                      Level
   a - Freeze                         Ice                          1
   b - Throw Frost                    Conjuration/Ice              2
   c - Ozocubu's Armour               Charms/Ice                   3
   d - Throw Icicle                   Conjuration/Ice              4
   e - Summon Ice Beast               Ice/Summoning                4
Comestibles
 c - 3 bread rations


   Skills:
 - Level 0.4 Polearms
 - Level 2.6 Dodging
 - Level 2.1 Stealth
 - Level 2.0 Spellcasting
 * Level 1.3 Conjurations
 + Level 5.7 Ice Magic


You had one spell level left.
You knew the following spells:

 Your Spells              Type           Power        Failure   Level  Hunger
a - Freeze                Ice            ###.         3%          1    #......
b - Throw Frost           Conj/Ice       ##....       12%         2    ###....
c - Ozocubu's Armour      Chrm/Ice       ##......     30%         3    ###....


Dungeon Overview and Level Annotations

Branches:
Dungeon (4/15)
 Temple: D:4-7

Altars:

Annotations:
D:3 zephy's ghost, amateur DrMo


Innate Abilities, Weirdness & Mutations

You revert to your normal form in water.
You are very nimble and swift while swimming.
You are very stealthy in the water. (Stealth+)
You have a pair of small antennae on your head.
Scrolls take you a little longer to read.
Armour fits poorly on your strangely shaped body.


Message History

The orc wizard hits you but does no damage.
The orc wizard barely misses you.
A magic dart appears from out of thin air!
The magic dart hits something.
The orc wizard hits you but does no damage.
You hear a shout!
You hit the orc wizard.
The orc wizard is lightly wounded.
The orc wizard hits you with a dagger.
* * * LOW HITPOINT WARNING * * *
You hear some strange, mumbled words.
The orc appears confused.
The orc wizard hits you but does no damage.
The orc wizard barely misses you.
It was a potion of mutation.
You feel extremely strange.
Your body twists and deforms.
Your vision blurs.
A pair of antennae grows on your head!
You feel yourself speed up. The orc wizard hits you with a dagger.
You die...

### ... ##.#
### ... .. #.#
.#
#o######.##.###
#@o.{{ooo......
#o######.##.###
#.# #.# #.# #o#
#.# #.# #.# #o#
#.# #{# #.# #o#
#.# #.#


You could see 2 orc wizards and 4 orcs.

Vanquished Creatures
  2 worker ants (D:4)
  2 adders
  An ooze (D:1)
  3 worms
  A dart slug (D:2)
  3 orcs
  2 giant cockroaches (D:3)
  4 goblins
  4 hobgoblins
  4 kobolds
  A quokka (D:4)
  4 bats
  3 frilled lizards
  2 rats (D:1)
36 creatures vanquished.

Notes
Turn   | Place    | Note
-------+----------+-------------------------------------------
     0 | D:1      | Inchmeat the Merfolk Ice Elementalist began the quest for the Orb.
     0 | D:1      | Reached XP level 1. HP: 13/13 MP: 3/3
   419 | D:1      | Reached skill level 4 in Ice Magic
   419 | D:1      | Reached XP level 2. HP: 14/19 MP: 0/5
   692 | D:1      | Learned a level 2 spell: Throw Frost
   939 | D:2      | Reached skill level 1 in Conjurations
  1259 | D:2      | Reached XP level 3. HP: 24/24 MP: 1/6
  1415 | D:2      | Learned a level 3 spell: Ozocubu's Armour
  2529 | D:3      | Noticed zephy's ghost (amateur DrMo)
  2935 | D:4      | Reached skill level 5 in Ice Magic
  2947 | D:4      | Reached XP level 4. HP: 30/30 MP: 2/7
  3369 | D:4      | HP: 1/30 [orc wizard/dagger (1)]
  3370 | D:4      | Gained mutation: Armour fits poorly on your strangely shaped body. [potion of mutation]
  3370 | D:4      | Gained mutation: Scrolls take you a little longer to read. [potion of mutation]
  3370 | D:4      | Gained mutation: You have a pair of small antennae on your head. [potion of mutation]
  3370 | D:4      | Slain by an orc wizard

Skill      XL: |  1  2  3 |
---------------+----------+-----
Ice Magic      | 4 5 |  5.7
Conjurations   | 1 |  1.3
Polearms       | |  0.4
Dodging        | |  2.6
Stealth        | |  2.1
Spellcasting   | |  2.0

Action                   |  1- 3 |  4- 6 || total
-------------------------+-------+-------++-------
Melee: Spear             |    74 |    15 ||    89
 Cast: Freeze            |    30 |    12 ||    42
       Throw Frost       |     6 |     4 ||    10
  Use: Scroll            |     9 |     5 ||    14
       Potion            |       |     3 ||     3
 Stab: Sleeping          |     4 |       ||     4
  Eat: Chunk             |     7 |     2 ||     9
Armor: Leather armour    |    22 |     9 ||    31
Dodge: Dodged            |    38 |    26 ||    64
